 Dungeon Crawl Stone Soup version 0.29.1-4-g47bece8355 (webtiles) character file.

Game seed: 7191856862052292295

252 safid the Shooter (level 5, -3/48 HPs)
             Began as a Minotaur Hunter on Dec 5, 2022.
             Was a Follower of Okawaru.
             Killed from afar by Natasha (9 damage)
             ... with a puff of flame
             ... on level 3 of the Dungeon.
             The game lasted 00:02:11 (1732 turns).

safid the Shooter (Minotaur Hunter)                 Turns: 1732, Time: 00:02:12

Health: -3/48      AC:  5    Str: 17    XL:     5   Next: 89%
Magic:  4/4        EV: 12    Int:  6    God:    Okawaru [*.....]
Gold:   142        SH:  0    Dex: 16    Spells: 4/4 levels left

rFire   . . .      SeeInvis .   a - +0 shortbow
rCold   . . .      Faith    .   (shield currently unavailable)
rNeg    . . .      Spirit   .   r - +1 leather armour of the Five Beds {Str+2 Stlth+}
rPois   .          Reflect  .   (helmet restricted)
rElec   .          Harm     .   f - +0 cloak
rCorr   .          Rampage  .   (no gloves)
Will    .....                   (no boots)
Stlth   ++........              (no amulet)
HPRegen 0.16/turn               (no ring)
MPRegen 0.09/turn               (no ring)

@: no status effects
A: horns 2, retaliatory headbutt
a: Renounce Religion, Heroism


You were on level 3 of the Dungeon.
You worshipped Okawaru.
Okawaru was aware of your devotion.
You visited 1 branch of the dungeon, and saw 3 of its levels.

You collected 142 gold pieces.

Inventory:

Hand Weapons
 a - a +0 shortbow (weapon)
Armour
 f - a +0 cloak (worn)
 r - the +1 leather armour of the Five Beds (worn) {Str+2 Stlth+}
   (You found it on level 2 of the Dungeon)

   Str:       It affects your strength (+2).
   Stlth:     It makes you more stealthy.
Jewellery
 p - a ring of ice
Scrolls
 b - a scroll of immolation
 c - a scroll of vulnerability {unknown}
 e - a scroll of enchant weapon {unknown}
 g - 2 scrolls of identify {unknown}
 h - a scroll of blinking {unknown}
 i - 2 scrolls of noise {unknown}
 k - a scroll of teleportation {unknown}
 n - a scroll of butterflies {unknown}
 s - 3 scrolls of poison {unknown}
 t - 2 scrolls of magic mapping {unknown}
Potions
 d - 2 potions of degeneration {unknown}
 j - a potion of resistance {unknown}
 l - a potion of might {unknown}
 m - 2 potions of attraction {unknown}
 o - a potion of heal wounds {unknown}
 q - a potion of cancellation {unknown}


   Skills:
 + Level 5.5 Fighting
 + Level 6.3 Ranged Weapons
 - Level 2.1 Dodging
 - Level 0.7 Stealth


You had 4 spell levels left.
You didn't know any spells.
Your spell library contained the following spells:

 Spells                   Type           Power      Damage    Failure   Level
 Sublimation of Blood     Necr           0%         N/A       67%         2
 Wereblood                Tmut           0%         N/A       67%         2
 Fulminant Prism          Conj/Hex       0%         3d6       99%         4
 Iskenderun's Mystic Bla  Conj/Tloc      0%         2d3       99%         4
 Lee's Rapid Deconstruct  Erth           0%         3d5*      100%        5
 Summon Hydra             Summ           Unusable   N/A       N/A         7

Dungeon Overview and Level Annotations

Branches:
Dungeon (3/15)

Altars:
Fedhas
Okawaru

Annotations:
D:3 Natasha


Innate Abilities, Weirdness & Mutations

You have a pair of horns on your head.
You reflexively headbutt those who attack you in melee.


Message History

Natasha misses you.
Natasha wildly gestures.
You feel troubled.
Natasha stares at you and mumbles some strange words.
The magic dart hits you!
* * * LOW HITPOINT WARNING * * *
Fire: a) +0 shortbow
Press: ? - help, Q - select action Shift-Dir - straight line, f/p - Natasha
Aim: Natasha, carrying a wand of flame (8) (almost dead, 59% to hit)
You shoot an arrow. The arrow closely misses Natasha.
The arrow barely misses the crimson imp.
Natasha casts a spell at you. The magic dart hits you.
* * * LOW HITPOINT WARNING * * *
Unknown command.
Fire: a) +0 shortbow
Press: ? - help, Q - select action Shift-Dir - straight line, f/p - Natasha
Aim: Natasha, carrying a wand of flame (8) (almost dead, 59% to hit)
You shoot an arrow. The arrow hits Natasha.
You kill Natasha!
Okawaru accepts your kill.
You can now gain great but temporary skills.
Natasha yowls pathetically as she dies!
The crimson imp disappears in a puff of smoke!
Unknown command.
You start resting.
Natasha, Servant of Life and Death comes into view.
She is carrying a wand of flame (8).
Fire: a) +0 shortbow
Press: ? - help, Q - select action, (/) - cycle Shift-Dir - straight line, f - Natasha
Aim: Natasha, carrying a wand of flame (8) (59% to hit)
You shoot an arrow. The arrow hits Natasha.
Natasha is moderately wounded.
Natasha zaps a wand.
The puff of flame hits you.
* * * LOW HITPOINT WARNING * * *
Fire: a) +0 shortbow
Press: ? - help, Q - select action, (/) - cycle Shift-Dir - straight line, f/p - Natasha
Aim: Natasha, carrying a wand of flame (7) (moderately wounded, 59% to hit)
You shoot an arrow. The arrow closely misses Natasha.
Natasha zaps a wand.
The puff of flame hits you!
You die...

#.## ##...## #~~h.~#
#####.§~~~#
#....(≈_~≈#
###h###~~.~.####
##..@##.~.~.~...#
#..####>#.##....#
###.## #.........#
##.#.#####...##....#
###(...##......####.##
#...>####.##†#.# #..#
#.#.......##.#.###.##
#. #.########.#.##..#
...# #.....#.##.##


You could see Natasha.

Vanquished Creatures
  A water moccasin (D:3)
  Jessica (D:2)
  Terence (D:2)
  Natasha (twice) (D:3)
  2 adders (D:2)
  A bat (D:2)
  3 endoplasms
  3 giant cockroaches
  5 goblins
  A hobgoblin (D:1)
  4 jackals (D:2)
  A kobold (D:1)
  A ball python (D:3)
  2 frilled lizards (D:1)
  4 rats
32 creatures vanquished.

Notes
Turn   | Place    | Note
-------+----------+-------------------------------------------
     0 | D:1      | safid the Minotaur Hunter began the quest for the Orb.
     0 | D:1      | Reached XP level 1. HP: 18/18 MP: 0/0
   337 | D:1      | Found a faded altar of an unknown god.
   345 | D:1      | Reached XP level 2. HP: 26/26 MP: 1/1
   771 | D:2      | Noticed Terence
   782 | D:2      | Killed Terence
   783 | D:2      | Reached skill level 5 in Ranged Weapons
   783 | D:2      | Reached XP level 3. HP: 20/33 MP: 2/2
   940 | D:2      | Found an iron altar of Okawaru.
   998 | D:2      | Became a worshipper of Warmaster Okawaru
  1034 | D:2      | Noticed Jessica
  1038 | D:2      | Killed Jessica
  1039 | D:2      | Reached XP level 4. HP: 40/40 MP: 3/3
  1062 | D:2      | Identified the +1 leather armour of the Five Beds {Str+2
                  | Stlth+}
  1565 | D:3      | Noticed Natasha
  1569 | D:3      | Killed Natasha
  1596 | D:3      | Noticed a water moccasin
  1604 | D:3      | Killed a water moccasin
  1605 | D:3      | Reached skill level 5 in Fighting
  1605 | D:3      | Reached skill level 6 in Ranged Weapons
  1605 | D:3      | Reached XP level 5. HP: 41/48 MP: 4/4
  1649 | D:3      | Found a blossoming altar of Fedhas.
  1705 | D:3      | Noticed Natasha
  1721 | D:3      | Killed Natasha
  1721 | D:3      | Reached * piety under Okawaru
  1730 | D:3      | Noticed Natasha
  1732 | D:3      | Killed from afar by Natasha

Illustrated notes

Levels and vault maps discovered:
D:1:      dpeg_arrival_castle, layout_basic, dreamdust_ecumenical_altar_statues
D:2:      layout_basic, basic_altar, uniq_jessica, uniq_terence
D:3:      layout_rooms, fedhas_altar_2, minmay_crystal_water, uniq_natasha

Skill      XL: |  1  2  3  4 |
---------------+-------------+-----
Fighting       | 3 4 5 |  5.5
Ranged Weapons | 5 6 |  6.3
Dodging        | |  2.1
Stealth        | |  0.7

Action                   |  1- 3 |  4- 6 || total
-------------------------+-------+-------++-------
 Fire: Shortbow          |    56 |    59 ||   115
Armor: Leather armour    |     5 |     6 ||    11
Dodge: Dodged            |     6 |    17 ||    23
